 Dungeon Crawl Stone Soup version 0.30.2 (webtiles) character file.

Game seed: 3932112302718829073

4386 porpoise the Summoner (level 10, -10/74 HPs)
             Began as a Gnoll Summoner on Feb 1, 2024.
             Was an Initiate of Gozag.
             Mangled by a cyclops (27 damage)
             ... on level 9 of the Dungeon.
             The game lasted 00:35:45 (8002 turns).

porpoise the Summoner (Gnoll Summoner)              Turns: 8002, Time: 00:35:45

Health: -10/74     AC: 12    Str:  7    XL:     10   Next: 35%
Magic:  16/21      EV: 13    Int: 20    God:    Gozag
Gold:   558        SH:  0    Dex: 12    Spells: 11/23 levels left

rFire   + + .        a - +3 short sword (venom)
rCold   + . .        (no shield)
rNeg    . . .        L - +2 leather armour {rF+}
rPois   .            R - +0 helmet {SInv}
rElec   .            S - scarf {rC+ rF+}
rCorr   .            I - +0 pair of gloves
SInv    +            (no boots)
Will    +....        G - amulet of the acrobat
Stlth   +++          h - ring of willpower
HPRegen 0.32/turn    x - +4 ring of protection
MPRegen 0.17/turn

%: acrobat
@: no status effects
A: fangs 1, strong nose, distributed training
a: Renounce Religion, Potion Petition, Call Merchant, Bribe Branch


You were on level 9 of the Dungeon.
You worshipped Gozag.
Gozag was pleased with you.
You visited 2 branches of the dungeon, and saw 10 of its levels.

You collected 658 gold pieces.
You paid 100 gold pieces to Gozag.

Inventory:

Hand Weapons
 a - a +3 short sword of venom (weapon)
 B - a +5 dagger
 O - a +2 dagger of electrocution
 U - a +0 dagger of venom
Missiles
 q - 10 poisoned darts
 s - 2 silver boomerangs
 H - 9 boomerangs
 P - a curare-tipped dart
Armour
 I - a +0 pair of gloves (worn)
 L - a +2 leather armour of fire resistance (worn)
 N - a +2 cloak
 Q - a +2 hat
 R - a +0 helmet of see invisible (worn)
 S - a scarf of resistance (worn)
Magical Staves
 E - a staff of fire
Jewellery
 h - a ring of willpower (left hand)
 m - an amulet of magic regeneration
 w - a +5 ring of evasion
 x - a +4 ring of protection (right hand)
 G - an amulet of the acrobat (around neck)
 J - a +6 ring of strength
Wands
 l - a wand of roots (31)
 p - a wand of paralysis (2)
 T - a wand of flame (19)
Scrolls
 c - a scroll of blinking {unknown}
 d - a scroll of silence {unknown}
 e - a scroll of fog
 f - a scroll of immolation
 n - 3 scrolls of teleportation {unknown}
 o - a scroll of amnesia
 r - a scroll of brand weapon {unknown}
 t - 2 scrolls of poison
 v - a scroll of noise
 y - 2 scrolls of fear
 D - a scroll of enchant weapon {unknown}
 K - a scroll of enchant armour {unknown}
 M - 3 scrolls of identify
Potions
 b - 3 potions of magic
 g - 5 potions of mutation
 i - a potion of ambrosia
 j - a potion of heal wounds
 k - a potion of invisibility {unknown}
 u - 2 potions of resistance
 z - 4 potions of curing
 A - 2 potions of might {unknown}
 C - a potion of haste {unknown}
 F - 2 potions of brilliance {unknown}


   Skills:
 + Level 5.4 Fighting
 + Level 5.4 Short Blades
 + Level 5.4 Long Blades
 + Level 5.4 Axes
 + Level 5.4 Maces & Flails
 + Level 5.4 Polearms
 + Level 5.4 Staves
 + Level 5.4 Ranged Weapons
 + Level 5.4 Throwing
 + Level 5.4 Armour
 + Level 7.1 Dodging
 + Level 6.9 Stealth
 + Level 5.4 Shields
 + Level 5.4 Unarmed Combat
 + Level 7.4 Spellcasting
 + Level 4.4 Conjurations
 + Level 4.4 Hexes
 + Level 8.5 Summonings
 + Level 4.4 Necromancy
 + Level 4.4 Translocations
 + Level 4.4 Transmutations
 + Level 4.4 Fire Magic
 + Level 4.4 Ice Magic
 + Level 4.4 Air Magic
 + Level 4.4 Earth Magic
 + Level 4.4 Poison Magic
 + Level 5.9 Invocations
 + Level 5.4 Evocations


You had 11 spell levels left.
You knew the following spells:

 Your Spells              Type           Power      Damage    Failure   Level
b - Call Imp              Summ           82%        N/A       1%          2
c - Call Canine Familiar  Summ           41%        N/A       1%          3
d - Summon Guardian Gole  Hex/Summ       33%        N/A       2%          3
l - Summon Lightning Spi  Summ/Air       33%        N/A       9%          4

Your spell library contained the following spells:

 Spells                   Type           Power      Damage    Failure   Level
 Freeze                   Ice            100%       1d10      1%          1
 Summon Small Mammal      Summ           100%       N/A       1%          1
 Dazzling Flash           Conj/Hex       50%        N/A       6%          3
 Frozen Ramparts          Ice            50%        1d8       6%          3
 Hailstorm                Conj/Ice       25%        3d7       6%          3
 Vhi's Electric Charge    Tloc/Air       50%        N/A       6%          3
 Manifold Assault         Tloc           25%        N/A       21%         4
 Agony                    Necr           25%        N/A       50%         5
 Alistair's Intoxication  Tmut/Pois      16%        N/A       50%         5
 Arcjolt                  Conj/Air       12%        1d22      50%         5
 Borgnjor's Vile Clutch   Necr/Erth      12%        N/A       50%         5
 Silence                  Hex/Air        12%        N/A       50%         5
 Dispersal                Tloc           12%        N/A       97%         6
 Eringya's Noxious Bog    Tmut/Pois      12%        N/A       97%         6
 Disjunction              Tloc           12%        N/A       100%        8
 Maxwell's Capacitive Co  Air            12%        ∞         100%        8


Dungeon Overview and Level Annotations

Branches:
Dungeon (9/15)             Temple (1/1) D:7
   Lair: D:8-11         Orc: D:9-12

Altars:
Ashenzari
Cheibriados
Dithmenos
Elyvilon
Fedhas
Gozag
Kikubaaqudgha
Nemelex Xobeh
Okawaru
Qazlal
Sif Muna
Trog
Uskayaw
Vehumet
Wu Jian
Xom
Yredelemnul
Zin
The Shining One

Shops:
D:1 [!*   D:2 (

Annotations:
D:7 1 transporter, rundlesten's ghost, novice OpHW


Innate Abilities, Weirdness & Mutations

You have very sharp teeth.
Your uncanny sense of smell can sniff out nearby items.
Your experience applies equally to all skills.


Message History

You kill the howler monkey!
No target in view!
You now have 558 gold pieces (gained 4).
Found a stone staircase leading up.
There is a stone staircase leading down here.
You open the door.
There is an open door here.
Done exploring.
Done exploring.
(D) Dungeon (T) Temple
Where to? (Enter - D:8, ? - help)
There is a stone staircase leading down here.
You climb downwards.
The cyclops shouts!
Found a scroll of fog.
There is a stone staircase leading up here.
A cyclops is nearby!
Casting: Call Imp (safe; 1% risk of failure)
Confirm with . or Enter, or press ? or * to list all spells.
Casting: Call Canine Familiar (safe; 1% risk of failure)
Confirm with . or Enter, or press ? or * to list all spells.
A tiny devil pulls itself out of the air.
Your hound bites the cyclops.
The cyclops hits you!!
You completely miss the cyclops. You bite the cyclops, but do no damage.
Your hound bites the cyclops but does no damage.
You hit the cyclops.
The cyclops is poisoned.
You bite the cyclops, but do no damage.
The cyclops is lightly wounded.
Your hound bites the cyclops.
The cyclops hits you!!
* * * LOW HITPOINT WARNING * * *
You hit the cyclops but do no damage.
The cyclops looks as sick as possible!
The cyclops is lightly wounded.
Your hound barely misses the cyclops.
Your cerulean imp hits the cyclops from afar with a +0 spear.
You hit the cyclops.
The cyclops looks as sick as possible!
The cyclops is lightly wounded.
Your hound bites the cyclops but does no damage.
The cyclops hits you!!
You die...
Your body crumbles into a pile of gold.

### #..
#.# #.#
... #
#.##.##.#
#Ch......
#@.# ##5#
.# ?# .#
∆ .. ..
##


You could see a cyclops (extremely poisoned, ally target), a friendly hound
(summoned) and a friendly cerulean imp (summoned).

Vanquished Creatures
  Pikel (D:7)
  2 ice beasts
  An orc warrior (D:8)
  3 killer bees (D:7)
  2 howler monkeys (D:8)
  2 hounds
  2 jellies (D:5)
  An orc priest (D:7)
  A sleepcap (D:4)
  6 orc wizards
  2 gnolls
  An adder (D:4)
  A dart slug (D:2)
  7 orcs
  3 ball pythons
  2 endoplasms
  2 giant cockroaches (D:1)
  A goblin (D:3)
  2 hobgoblins (D:2)
  A jackal (D:2)
  A quokka (D:4)
  2 bats
  2 kobolds
  2 rats
50 creatures vanquished.

Vanquished Creatures (collateral kills)
  A wyvern (D:6)
  3 yaks (D:8)
  Grum (D:8)
  Duvessa (D:7)
  2 ice beasts
  A black bear (D:7)
  2 wolves (D:8)
  2 ogres
  3 bullfrogs
  A scorpion (D:7)
  Dowan (D:7)
  A wight (D:8)
  2 killer bees
  2 howler monkeys (D:7)
  2 jellies
  2 orc priests
  Crazy Yiuf (D:7)
  A hound (D:5)
  A sleepcap (D:6)
  4 orc wizards
  3 gnolls (D:5)
  7 adders
  2 white imps
  3 dart slugs
  26 orcs
  3 ball pythons
  2 bats
  6 endoplasms
  6 giant cockroaches
  5 hobgoblins
  3 jackals (D:2)
  5 quokkas
  3 frilled lizards
  4 goblins
  5 kobolds
  2 rats
119 creatures vanquished.

Vanquished Creatures (others)
  A yak (D:8)
  A steam dragon (D:7)
  An orc warrior (D:8)
  A sky beast (D:8)
  A wolf (D:8)
  A kobold brigand (D:8)
  An orc wizard (D:3)
7 creatures vanquished.

Grand Total: 176 creatures vanquished

Notes
Turn   | Place    | Note
-------+----------+-------------------------------------------
     0 | D:1      | porpoise the Gnoll Summoner began the quest for the Orb.
     0 | D:1      | Reached XP level 1. HP: 13/13 MP: 6/6
     4 | D:1      | Found Igithruargh's Distillery.
    58 | D:1      | Found Keivo's General Store.
   194 | D:1      | Found a faded altar of an unknown god.
   213 | D:1      | Reached XP level 2. HP: 19/19 MP: 5/7
   216 | D:1      | Learned a level 2 spell: Call Imp
   596 | D:1      | Found Vuityo's Antique Armour Boutique.
   786 | D:2      | Found Veoc Lucaul's Antique Weapon Emporium.
   880 | D:2      | Reached skill level 5 in Spellcasting
   880 | D:2      | Reached XP level 3. HP: 22/25 MP: 4/9
   899 | D:2      | Reached skill level 1 in Invocations
  1058 | D:2      | Reached skill level 1 in Fighting
  1058 | D:2      | Reached skill level 1 in Short Blades
  1058 | D:2      | Reached skill level 1 in Long Blades
  1058 | D:2      | Reached skill level 1 in Axes
  1058 | D:2      | Reached skill level 1 in Maces & Flails
  1058 | D:2      | Reached skill level 1 in Polearms
  1058 | D:2      | Reached skill level 1 in Staves
  1058 | D:2      | Reached skill level 1 in Ranged Weapons
  1058 | D:2      | Reached skill level 1 in Throwing
  1058 | D:2      | Reached skill level 1 in Armour
  1058 | D:2      | Reached skill level 1 in Shields
  1058 | D:2      | Reached skill level 1 in Unarmed Combat
  1058 | D:2      | Reached skill level 1 in Evocations
  1122 | D:2      | Reached XP level 4. HP: 32/32 MP: 11/11
  1402 | D:2      | Reached skill level 1 in Conjurations
  1402 | D:2      | Reached skill level 1 in Hexes
  1402 | D:2      | Reached skill level 1 in Necromancy
  1402 | D:2      | Reached skill level 1 in Translocations
  1402 | D:2      | Reached skill level 1 in Transmutations
  1402 | D:2      | Reached skill level 1 in Fire Magic
  1402 | D:2      | Reached skill level 1 in Ice Magic
  1402 | D:2      | Reached skill level 1 in Air Magic
  1402 | D:2      | Reached skill level 1 in Earth Magic
  1402 | D:2      | Reached skill level 1 in Poison Magic
  1642 | D:3      | Learned a level 3 spell: Call Canine Familiar
  1687 | D:3      | Reached XP level 5. HP: 30/37 MP: 7/12
  1833 | D:3      | You fall into a shaft and drop 3 floors!
  1927 | D:6      | Noticed a wyvern
  1946 | D:6      | Killed a wyvern
  1947 | D:6      | Reached skill level 5 in Dodging
  1947 | D:6      | Reached XP level 6. HP: 14/44 MP: 11/14
  2115 | D:6      | Noticed an ice beast
  2121 | D:5      | Entered Level 5 of the Dungeon
  2863 | D:4      | Reached XP level 7. HP: 39/50 MP: 10/15
  3222 | D:4      | Found a glowing silver altar of Zin.
  3555 | D:5      | Found a hide-covered altar of Uskayaw.
  3707 | D:5      | Reached skill level 5 in Stealth
  3933 | D:5      | Found a stormy altar of Qazlal.
  4415 | D:6      | Reached XP level 8. HP: 53/58 MP: 10/16
  5435 | D:7      | Noticed Pikel
  5465 | D:7      | Killed Pikel
  5466 | D:7      | Reached XP level 9. HP: 43/65 MP: 5/18
  5552 | D:7      | Found a blossoming altar of Fedhas.
  5559 | D:7      | Found a basalt altar of Yredelemnul.
  5651 | D:7      | Learned a level 3 spell: Summon Guardian Golem
  5669 | D:7      | Reached skill level 8 in Summonings
  5743 | D:7      | Found an ancient bone altar of Kikubaaqudgha.
  5848 | D:7      | Noticed Duvessa
  5854 | D:7      | Noticed Dowan
  5857 | D:7      | Killed Duvessa
  5871 | D:7      | Killed Dowan
  6153 | D:7      | Reached skill level 5 in Invocations
  6291 | D:7      | Found a snail-covered altar of Cheibriados.
  6292 | D:7      | Found a radiant altar of Vehumet.
  6356 | D:7      | Noticed rundlesten's ghost (novice OpHW)
  6491 | D:7      | Found a runed translucent door.
  6492 | D:7      | Noticed Crazy Yiuf
  6502 | D:7      | Killed Crazy Yiuf
  6566 | D:7      | Found a transporter.
  6572 | D:7      | Learned a level 4 spell: Summon Lightning Spire
  6630 | D:7      | Found a staircase to the Ecumenical Temple.
  6661 | Temple   | Entered the Ecumenical Temple
  6852 | Temple   | Became a worshipper of Gozag Ym Sagoz the Greedy
  6998 | D:8      | Reached skill level 5 in Fighting
  6998 | D:8      | Reached skill level 5 in Short Blades
  6998 | D:8      | Reached skill level 5 in Long Blades
  6998 | D:8      | Reached skill level 5 in Axes
  6998 | D:8      | Reached skill level 5 in Maces & Flails
  6998 | D:8      | Reached skill level 5 in Polearms
  6998 | D:8      | Reached skill level 5 in Staves
  6998 | D:8      | Reached skill level 5 in Ranged Weapons
  6998 | D:8      | Reached skill level 5 in Throwing
  6998 | D:8      | Reached skill level 5 in Armour
  6998 | D:8      | Reached skill level 5 in Shields
  6998 | D:8      | Reached skill level 5 in Unarmed Combat
  6998 | D:8      | Reached skill level 5 in Evocations
  6998 | D:8      | Reached XP level 10. HP: 53/74 MP: 9/20
  7400 | D:8      | Noticed Grum
  7442 | D:8      | Killed Grum
  7996 | D:9      | Noticed a cyclops
  8002 | D:9      | Mangled by a cyclops

Illustrated notes

Levels and vault maps discovered:
D:1:      dpeg_arrival_tiny_j, layout_rooms, serial_shops,
          nicolae_shop_tiny_real_fake_doors, shop,
          nicolae_shop_tiny_statue_garden, shapermc_ecumenical_altar_notcrosses
D:2:      layout_basic, serial_shops, nicolae_square_shop, minmay_bisected
D:3:      layout_basic
D:4:      layout_cave_pools, zin_academy, minmay_misc_feat_iff
D:5:      layout_rooms, nicolae_qazlal_general_emergency, kennysheep_little_box
D:6:      layout_loops_ring
D:7:      layout_rooms, mainiacjoe_overflow_surrounded_room,
          mainiacjoe_overflow_concentric_impassable, grunt_temple_overflow_open,
          overflow_temple_1_default, minmay_temple_entry_fiery,
          gammafunk_ghost_smash, nicolae_elevator_lobby_asterisk,
          uniq_crazy_yiuf_cottage, uniq_pikel, uniq_duvessa
D:8:      layout_basic, chequers_serial_rivers_micro_a, minmay_between,
          uniq_grum
D:9:      layout_loops_cross, lemuel_round_altar, nzn_hepliaklqana_mist_gate,
          uniq_harold, uniq_amaemon
Temple:   jpeg_temple_clearing

Skill      XL: |  1  2  3  4  5  6  7  8  9 10 |
---------------+-------------------------------+-----
Spellcasting   | 5 6 7 |  7.4
Invocations    | 1 2 3 4 5 |  5.9
Fighting       | 1 2 3 4 5 |  5.4
Short Blades   | 1 2 3 4 5 |  5.4
Long Blades    | 1 2 3 4 5 |  5.4
Axes           | 1 2 3 4 5 |  5.4
Maces & Flails | 1 2 3 4 5 |  5.4
Polearms       | 1 2 3 4 5 |  5.4
Staves         | 1 2 3 4 5 |  5.4
Ranged Weapons | 1 2 3 4 5 |  5.4
Throwing       | 1 2 3 4 5 |  5.4
Armour         | 1 2 3 4 5 |  5.4
Shields        | 1 2 3 4 5 |  5.4
Unarmed Combat | 1 2 3 4 5 |  5.4
Evocations     | 1 2 3 4 5 |  5.4
Conjurations   | 1 2 3 4 |  4.4
Hexes          | 1 2 3 4 |  4.4
Necromancy     | 1 2 3 4 |  4.4
Translocations | 1 2 3 4 |  4.4
Transmutations | 1 2 3 4 |  4.4
Fire Magic     | 1 2 3 4 |  4.4
Ice Magic      | 1 2 3 4 |  4.4
Air Magic      | 1 2 3 4 |  4.4
Earth Magic    | 1 2 3 4 |  4.4
Poison Magic   | 1 2 3 4 |  4.4
Dodging        | 5 6 7 |  7.1
Stealth        | 5 6 |  6.9
Summonings     | 8 |  8.5

Action                     |  1- 3 |  4- 6 |  7- 9 | 10-12 || total
---------------------------+-------+-------+-------+-------++-------
  Melee: Unarmed           |    45 |       |       |       ||    45
         Bite              |     9 |     7 |    24 |     8 ||    48
         Short sword       |    23 |    35 |       |    10 ||    68
         Punch             |       |     2 |     5 |     5 ||    12
         Dagger            |       |    19 |   193 |    51 ||   263
   Cast: Summon Small Mamm |    37 |    18 |     1 |       ||    56
         Call Imp          |     3 |    13 |    26 |     6 ||    48
         Call Canine Famil |       |     9 |    31 |     9 ||    49
         Summon Guardian G |       |       |     5 |     1 ||     6
    Use: Scroll            |       |     6 |     6 |       ||    12
   Stab: Sleeping          |     1 |     1 |       |       ||     2
         Distracted        |     1 |       |     4 |       ||     5
 Armour: Robe              |    16 |     9 |    32 |       ||    57
         Leather armour    |       |       |    17 |    20 ||    37
  Dodge: Dodged            |    57 |    55 |   143 |    34 ||   289
